 Dungeon Crawl Stone Soup version 0.27-a0-797-g27d10ad80f (webtiles) character file.

Game seed: 11374623766037254746

13397 porpoise the Destroyer (level 11, -1/67 HPs)
             Began as a Deep Elf Conjurer on Mar 28, 2021.
             Was a Priest of Vehumet.
             Slain by a cane toad (19 damage)
             ... on level 1 of the Lair of Beasts.
             The game lasted 01:10:05 (15550 turns).

porpoise the Destroyer (Deep Elf Conjurer)         Turns: 15550, Time: 01:10:06

Health: -1/67      AC:  7    Str:  9    XL:     11   Next: 75%
Magic:  9/23       EV: 16    Int: 26    God:    Vehumet [***...]
Gold:   75         SH:  6    Dex: 17    Spells: 0/24 levels left

rFire    . . .     SeeInvis .   b - +0 hunting sling
rCold    + . .     Faith    .   E - +1 buckler
rNeg     + . .     Spirit   .   T - +0 robe {rC+}
rPois    +         Reflect  .   P - +0 helmet "Guab" {rPois Str+4 Dex+4}
rElec    .         Harm     .   o - +0 cloak
rCorr    .         Rampage  .   (no gloves)
Will     +....                  S - +2 pair of boots
Stlth    ++++......             (no amulet)
HPRegen  0.21/turn              y - ring of positive energy
MPRegen  0.18/turn              (no ring)

@: no status effects
A: no striking features
a: Renounce Religion


You were on level 1 of the Lair of Beasts.
You worshipped Vehumet.
Vehumet was most pleased with you.
You visited 3 branches of the dungeon, and saw 13 of its levels.
You also visited: Sewer.

You collected 635 gold pieces.
You spent 560 gold pieces at shops.

Inventory:

Hand Weapons
 a - the +5 long sword of the Endless March {elec, rC+}
   (You found it on level 9 of the Dungeon)

   Occasionally, upon striking a foe, it can discharge electrical energy and
   cause terrible harm.
   It protects you from cold.
 b - a +0 hunting sling (weapon)
 d - a +2 dagger of venom
 w - a +4 mace
Missiles
 g - 18 poisoned darts
 n - 7 datura-tipped darts
 p - 39 sling bullets (quivered ammo)
 I - 117 stones
 L - 4 javelins
 O - 5 atropa-tipped darts
 R - 15 boomerangs
 W - a curare-tipped dart
Armour
 o - a +0 cloak (worn)
 E - a +1 buckler (worn)
 P - the +0 helmet "Guab" (worn) {rPois Str+4 Dex+4}
   (You acquired it on level 7 of the Dungeon)

   It affects your strength (+4).
   It affects your dexterity (+4).
   It protects you from poison.
 S - a +2 pair of boots (worn)
 T - a +0 robe of cold resistance (worn)
 U - a +1 hat of stealth
Jewellery
 y - a ring of positive energy (left hand)
Wands
 t - a wand of flame (16)
 v - a wand of polymorph (8)
 D - a wand of digging (9)
 H - a wand of iceblast (18)
 J - a wand of random effects (24)
 K - a wand of paralysis (9)
 Y - a wand of mindburst (15)
Scrolls
 c - a scroll of teleportation
 f - a scroll of identify
 i - 3 scrolls of noise
 k - a scroll of blinking
 l - a scroll of fear
 q - 5 scrolls of magic mapping
 r - 4 scrolls of enchant weapon
 s - 2 scrolls of vulnerability
 z - a scroll of enchant armour
 B - 2 scrolls of torment
 C - a scroll of amnesia
 G - a scroll of holy word
 N - a scroll of silence
Potions
 e - 5 potions of heal wounds
 h - 4 potions of might
 j - 3 potions of flight
 m - 7 potions of curing
 u - 3 potions of brilliance
 x - a potion of lignification
 A - 2 potions of cancellation
 F - 2 potions of attraction
 M - a potion of ambrosia
 Q - a potion of mutation
 V - a potion of invisibility
 X - a potion of magic


   Skills:
 - Level 7.0 Fighting
 - Level 7.2 Dodging
 - Level 7.0 Stealth
 - Level 4.0 Shields
 - Level 7.0 Spellcasting
 - Level 9.0 Conjurations
 - Level 7.0 Hexes
 - Level 7.0 Translocations
 + Level 3.5 Transmutations
 - Level 5.0 Fire Magic
 + Level 3.5 Poison Magic
 - Level 5.0 Evocations


You couldn't memorise any spells.
You knew the following spells:

 Your Spells              Type           Power      Damage    Failure   Level
a - Magic Dart            Conj           100%       1d8       1%          1
b - Searing Ray           Conj           100%       3d7       1%          2
c - Fulminant Prism       Conj/Hex       25%        3d14      1%          4
d - Iskenderun's Mystic   Conj/Tloc      50%        2d11      1%          4
i - Ignite Poison         Fire/Tmut/Pois 30%        N/A       1%          3
k - Blink                 Tloc           N/A        N/A       1%          2
o - Olgreb's Toxic Radia  Pois           27%        N/A       4%          4
s - Sticky Flame          Conj/Fire      45%        2d6       1%          4

Your spell library contained the following spells:

 Spells                   Type           Power      Damage    Failure   Level
 Inner Flame              Hex/Fire       40%        N/A       1%          3
 Apportation              Tloc           90%        N/A       1%          1
 Beastly Appendage        Tmut           54%        N/A       1%          1
 Sting                    Tmut/Pois      100%       1d8       1%          1
 Dazzling Flash           Conj/Hex       100%       N/A       1%          3
 Gell's Gravitas          Tloc           22%        N/A       1%          3
 Lesser Beckoning         Tloc           22%        N/A       1%          3
 Mephitic Cloud           Conj/Pois/Air  30%        N/A       1%          3
 Tukima's Dance           Hex            45%        N/A       1%          3
 Wereblood                Tmut           27%        N/A       2%          2
 Poisonous Vapours        Pois/Air       36%        N/A       4%          2
 Spider Form              Tmut/Pois      13%        N/A       4%          3
 Ice Form                 Ice/Tmut       18%        N/A       30%         4
 Alistair's Intoxication  Tmut/Pois      18%        N/A       38%         5
 Blade Hands              Tmut           13%        N/A       38%         5
 Dispersal                Tloc           22%        N/A       47%         6
 Invisibility             Hex            45%        N/A       47%         6


Dungeon Overview and Level Annotations

Branches:
Dungeon (11/15)            Temple (1/1) D:7            Lair (1/6) D:10
    Orc (0/2) D:9           Sewer (visited)

Altars:
Ashenzari
Cheibriados
Dithmenos
Elyvilon
Fedhas
Gozag
Hepliaklqana
Kikubaaqudgha
Makhleb
Nemelex Xobeh
Okawaru
Qazlal
Ru
Sif Muna
Trog
Uskayaw
Vehumet
Wu Jian
Xom
Yredelemnul
Zin
The Shining One

Shops:
D:10 !::=


Message History

You hear a bellow!
The yak gores you.
The searing ray hits the yak!
The yak is severely wounded.
A komodo dragon comes into view.
You block the yak's attack.
The searing ray hits the yak.
The yak is almost dead.
The yak closely misses you.
The searing ray hits the yak!
You kill the yak!
Vehumet accepts your kill.
You feel your power returning.
You finish channeling your searing ray.
A bullfrog comes into view.
The cane toad closely misses you.
Casting: Searing Ray (safe; 1% risk of failure)
Confirm with . or Enter, or press ? or * to list all spells.
Aiming: Searing Ray (safe; 1% risk of failure)
Press: ? - help, Shift-Dir - straight line, f - cane toad
Aim: a cane toad (15% to evade)
The searing ray hits the cane toad!
The cane toad is moderately wounded.
The searing ray hits the bullfrog!
The bullfrog is almost dead. (Press . to maintain the ray.)
The cane toad stings you!!
The searing ray hits the cane toad!
The cane toad is heavily wounded.
The searing ray hits the bullfrog!
You kill the bullfrog!
Vehumet accepts your kill.
You feel your power returning. The cane toad misses you.
The searing ray hits the cane toad!
The cane toad is severely wounded.
The cane toad stings you!
* * * LOW HITPOINT WARNING * * *
You are lethally poisoned!
The cane toad poisons you! The cane toad closely misses you.
You feel better. The cane toad stings you!!
You die...

#### ##≈≈#### ## ...
##≈≈≈≈≈≈## .##...
##≈≈.P.P≈≈### ......
#≈≈......≈≈≈####......
#≈≈...##†.P≈≈≈#.......
#≈≈P.##F#...PP....# ..
#≈≈<..@#####......#...
#≈≈≈P.## ##.........
##≈≈≈## ##.......#
##### #...#####
.......†.## .....†..##
........# .......##
..(...#


You could see a cane toad.

Vanquished Creatures
  Gastronok (D:10)
  Erica (D:9)
  A two-headed ogre (D:10)
  Pikel (D:5)
  A cyclops (D:10)
  Joseph (D:9)
  A gargoyle (D:8)
  An unseen horror (D:10)
  A troll (D:9)
  A hornet (D:8)
  Prince Ribbit (D:5)
  A shadow (D:11)
  Sigmund (D:2)
  15 yaks
  The ghost of hgbash the Digger, an amateur GrEE of Sif Muna (D:5)
  3 wyverns
  A basilisk (D:10)
  Menkaure (D:5)
  An acid dragon (D:8)
  7 water moccasins
  2 orc warriors (D:10)
  3 ice beasts
  2 necrophages
  2 black bears (D:5)
  2 centaurs (D:10)
  3 ogres
  A phantom (D:5)
  3 lemures (D:5)
  4 kobold brigands
  5 bullfrogs
  2 gnoll sergeants
  2 wyvern skeletons
  A water moccasin skeleton (D:4)
  3 scorpions
  4 killer bees (D:7)
  8 wights
  3 howler monkeys (D:9)
  2 centaur zombies (D:8)
  A lava snake (D:10)
  A hound (D:5)
  5 orc priests
  2 centaur skeletons
  2 jellies
  2 bullfrog skeletons (D:7)
  A gnoll shaman (D:9)
  An iguana (D:7)
  Ijyb (D:3)
  Terence (D:2)
  8 orc wizards
  A killer bee zombie (D:9)
  2 hound zombies (D:5)
  11 gnolls
  3 howler monkey zombies
  9 adders
  2 river rats (D:3)
  An adder zombie (D:5)
  3 worms
  4 dart slugs
  40 orcs
  10 endoplasms
  3 giant cockroaches
  4 goblins (D:2)
  9 hobgoblins
  6 jackals
  6 quokkas
  11 ball pythons
  7 bats
  A frilled lizard (D:3)
  26 kobolds
  10 rats
288 creatures vanquished.

Vanquished Creatures (others)
  45 fulminant prisms
  2 fungi (D:10)
  28 plants
75 creatures vanquished.

Grand Total: 363 creatures vanquished

Notes
Turn   | Place    | Note
-------+----------+-------------------------------------------
     0 | D:1      | porpoise the Deep Elf Conjurer began the quest for the Orb.
     0 | D:1      | Reached XP level 1. HP: 10/10 MP: 6/6
   241 | D:1      | Reached XP level 2. HP: 15/15 MP: 2/8
   297 | D:1      | Learned a level 2 spell: Searing Ray
  1198 | D:2      | Reached skill level 5 in Conjurations
  1198 | D:2      | Reached XP level 3. HP: 19/19 MP: 7/10
  1486 | D:2      | Reached XP level 4. HP: 16/24 MP: 5/12
  1676 | D:2      | Reached skill level 5 in Spellcasting
  1742 | D:2      | Learned a level 4 spell: Fulminant Prism
  1747 | D:2      | Learned a level 4 spell: Iskenderun's Mystic Blast
  1850 | D:2      | Noticed Terence
  1858 | D:2      | Killed Terence
  1997 | D:2      | Noticed Sigmund
  2002 | D:2      | Killed Sigmund
  2003 | D:2      | Reached skill level 6 in Conjurations
  2003 | D:2      | Reached XP level 5. HP: 20/30 MP: 6/14
  2003 | D:2      | Reached XP level 6. HP: 23/35 MP: 6/15
  2172 | D:2      | Found a white marble altar of Elyvilon.
  2723 | D:3      | Found a glowing drain.
  2745 | Sewer    | Entered a sewer
  3240 | Sewer    | Reached skill level 7 in Conjurations
  3703 | D:3      | Noticed Ijyb
  3710 | D:3      | Killed Ijyb
  3711 | D:3      | Reached skill level 1 in Hexes
  3919 | D:3      | Found a stormy altar of Qazlal.
  3920 | D:3      | Found an iron altar of Okawaru.
  4721 | D:4      | Reached XP level 7. HP: 41/41 MP: 13/16
  5264 | D:5      | Entered Level 5 of the Dungeon
  5297 | D:5      | Noticed Prince Ribbit
  5308 | D:5      | HP: 1/42 [Prince Ribbit (8)]
  5310 | D:5      | Killed Prince Ribbit
  5537 | D:5      | Reached skill level 5 in Hexes
  5537 | D:5      | Reached XP level 8. HP: 48/48 MP: 13/17
  5661 | D:5      | Noticed Menkaure
  5672 | D:5      | Killed Menkaure
  5673 | D:5      | Reached skill level 5 in Fighting
  5823 | D:5      | Noticed Pikel
  5833 | D:5      | Killed Pikel
  5834 | D:5      | Reached skill level 5 in Dodging
  6011 | D:5      | Reached skill level 5 in Translocations
  6140 | D:5      | Reached skill level 1 in Shields
  6914 | D:5      | Reached XP level 9. HP: 54/54 MP: 10/18
  6987 | D:5      | Found a runed translucent gate.
  6987 | D:5      | Found a runed translucent gate.
  6987 | D:5      | Found a runed translucent gate.
  6987 | D:5      | Noticed hgbash's ghost (amateur GrEE)
  6989 | D:5      | Found a basalt altar of Yredelemnul.
  7320 | D:5      | Killed hgbash's ghost
  7479 | D:5      | Reached skill level 1 in Evocations
  8180 | D:6      | Reached skill level 8 in Conjurations
  8708 | D:7      | Identified 3 scrolls of acquirement
  8708 | D:7      | Acquired porpoise's Almanac of Displaced Flames
  8713 | D:7      | Learned a level 2 spell: Blink
  8718 | D:7      | Learned a level 4 spell: Sticky Flame
  8919 | D:7      | Found a shadowy altar of Dithmenos.
  9086 | D:7      | Found an ornate altar of the Wu Jian Council.
  9258 | D:7      | Found a staircase to the Ecumenical Temple.
  9268 | D:7      | Reached skill level 9 in Conjurations
  9268 | D:7      | Reached skill level 5 in Evocations
  9319 | Temple   | Entered the Ecumenical Temple
  9597 | Temple   | Became a worshipper of Vehumet
  9699 | D:7      | Reached skill level 1 in Fire Magic
  9808 | D:7      | Acquired a book of Party Tricks
  9810 | D:7      | Acquired the +0 helmet "Guab" {rPois Str+4 Dex+4}
 10161 | D:8      | Reached XP level 10. HP: 59/59 MP: 11/19
 10621 | D:8      | Noticed a gargoyle
 10629 | D:8      | Killed a gargoyle
 10842 | D:8      | Reached * piety under Vehumet
 10842 | D:8      | Offered knowledge of Sandblast by Vehumet.
 10843 | D:8      | Reached skill level 5 in Stealth
 11778 | D:9      | Reached skill level 5 in Fire Magic
 11951 | D:9      | Found a snail-covered altar of Cheibriados.
 11999 | D:9      | Found a glowing golden altar of the Shining One.
 12001 | D:9      | Noticed Erica
 12011 | D:9      | Killed Erica
 12374 | D:9      | Identified the +5 long sword of the Endless March {elec,
                  | rC+}
 12632 | D:9      | Reached ** piety under Vehumet
 12632 | D:9      | Offered knowledge of Foxfire by Vehumet.
 12647 | D:9      | Noticed Joseph
 12659 | D:9      | Killed Joseph
 12796 | D:9      | Found a staircase to the Orcish Mines.
 12844 | D:9      | Found a burning altar of Makhleb.
 13281 | D:10     | Entered Level 10 of the Dungeon
 13296 | D:10     | Found Votsigg's Distillery.
 13302 | D:10     | You fall into a shaft and drop 1 floor!
 13355 | D:11     | Noticed a two-headed ogre
 13594 | D:10     | Reached XP level 11. HP: 64/64 MP: 18/23
 13956 | D:10     | Found a staircase to the Lair.
 14019 | D:10     | Noticed Gastronok
 14023 | D:10     | Noticed a two-headed ogre
 14027 | D:10     | Killed a two-headed ogre
 14042 | D:10     | Killed Gastronok
 14451 | D:10     | Offered knowledge of Inner Flame by Vehumet.
 14634 | D:10     | Found Fiqorik's Book Boutique.
 14661 | D:10     | Bought a Young Poisoner's Handbook for 560 gold pieces
 14666 | D:10     | Learned a level 4 spell: Olgreb's Toxic Radiance
 14670 | D:10     | Learned a level 3 spell: Ignite Poison
 14673 | D:10     | Found Emyviwas's Book Shop.
 14782 | D:10     | Reached skill level 1 in Transmutations
 14782 | D:10     | Reached skill level 1 in Poison Magic
 15392 | D:10     | Found Oshryb Mymn's Jewellery Shoppe.
 15503 | Lair:1   | Entered Level 1 of the Lair of Beasts
 15534 | Lair:1   | Reached *** piety under Vehumet
 15550 | Lair:1   | Slain by a cane toad

Illustrated notes

Levels and vault maps discovered:
D:1:      eino_arrival_water_cross, layout_loops_ring, dk_noncrumbling_3,
          grunt_decor_mini_mirrors
D:2:      minmay_general_purpose_star, layout_basic, elyvilon_altar_3,
          minmay_diced_spiral, uniq_terence, uniq_sigmund
D:3:      layout_loops_ring, grunt_temple_overflow_open,
          gup_sewer_entry_bubbles, columned_hall_lemuel, uniq_ijyb
D:4:      layout_loops_ring
D:5:      wander_river, layout_layer_cave, nicolae_yredelemnul_ghost_church,
          uniq_prince_ribbit1, uniq_pikel, uniq_menkaure
D:6:      layout_cave_pools, kennysheep_windowed_goal
D:7:      layout_loops_ring, nicolae_overflow_hidden_temple, marbit_many_paths,
          minmay_temple_entry_poolview, minmay_liquid_box, minmay_crossroads
D:8:      layout_basic, grunt_ministairs_7
D:9:      layout_roguey, slow_altar_1, kennysheep_little_box,
          lemuel_crystal_altar, hiddenorc2_lemuel, minmay_quadrilaterals,
          uniq_joseph, uniq_erica
D:10:     layout_stronghold, minmay_lair_entry_grove, serial_shops,
          nicolae_shop_stone, nicolae_shop_behind_doors,
          nicolae_shop_waterfront, shop, kennysheep_generic_room_2,
          uniq_gastronok
D:11:     layout_cave_pods, basic_altar, nicolae_dithmenos_the_darkroom
Temple:   oiseaux_autumnal_temple
Lair:1:   beast_lair_carwin_large_4, layout_hall_layers,
          cheibrodos_lair_caveside_slide, st_stairs_8, serial_bayou_lagoon_b

Skill      XL: |  1  2  3  4  5  6  7  8  9 10 11 |
---------------+----------------------------------+-----
Spellcasting   | 4 5 7 |  7.0
Conjurations   | 5 6 7 9 |  9.0
Fighting       | 2 3 4 5 7 |  7.0
Hexes          | 1 5 6 7 |  7.0
Translocations | 5 7 |  7.0
Dodging        | 5 7 |  7.2
Shields        | 2 4 |  4.0
Evocations     | 5 |  5.0
Fire Magic     | 2 5 |  5.0
Stealth        | 3 7 |  7.0
Transmutations | 3 |  3.5
Poison Magic   | 3 |  3.5

Action                   |  1- 3 |  4- 6 |  7- 9 | 10-12 || total
-------------------------+-------+-------+-------+-------++-------
 Fire: Hunting sling     |       |     2 |    68 |    73 ||   143
Throw: Dart              |       |       |       |     2 ||     2
 Cast: Magic Dart        |    39 |    46 |     1 |     7 ||    93
       Searing Ray       |     7 |    43 |    53 |    79 ||   182
       Fulminant Prism   |       |       |     8 |    37 ||    45
       Iskenderun's Myst |       |       |     8 |     3 ||    11
       Sticky Flame      |       |       |       |     1 ||     1
Evoke: Wand              |       |       |       |     4 ||     4
  Use: Scroll            |       |     8 |     8 |    11 ||    27
       Potion            |       |       |     1 |     3 ||     4
Armor: Robe              |       |     8 |    11 |     7 ||    26
Dodge: Dodged            |     3 |    11 |    42 |    31 ||    87
Block: Buckler           |       |       |     4 |    13 ||    17

Table legend: (Time is in decaauts)
 A = Elapsed time spent in this place.
 B = Non-inter-level travel time spent in this place.
 C = Inter-level travel time spent in this place.
 D = Time resting spent in this place.
 E = Time spent auto-exploring this place.
 F = Levels seen in this place.
 G = Mean time per level.
                   A        B        C        D        E       F      G
               +--------+--------+--------+--------+--------+-----+--------+
         Total |  15684 |  15338 |    346 |   6288 |   7007 |  14 | 1120.3 |
       Dungeon |  14669 |  14355 |    314 |   5967 |   6630 |  11 | 1333.5 |
        Temple |    304 |    273 |     31 |      0 |    271 |   1 |  304.0 |
          Lair |     47 |     47 |      0 |      0 |     15 |   1 |   47.0 |
         Sewer |    662 |    662 |      0 |    321 |     90 |   1 |  662.0 |
               +--------+--------+--------+--------+--------+-----+--------+

Top non-repeatable levels by time:
     D:5: 2474 daAuts
    D:10: 2174 daAuts
     D:9: 1979 daAuts
     D:8: 1283 daAuts
     D:2: 1274 daAuts
     D:7: 1255 daAuts
     D:1: 1190 daAuts
     D:4: 1189 daAuts
     D:3: 1177 daAuts
   Sewer: 662 daAuts
     D:6: 614 daAuts
  Temple: 304 daAuts
    D:11: 56 daAuts
  Lair:1: 47 daAuts
